 Dungeon Crawl Stone Soup version 0.31-a0-1181-g57eb4e83fd (webtiles) character file.

Game seed: 3582480395386538795

560 qw the Shooter (level 7, -13/43 HPs)
             Began as a Gargoyle Hunter on Dec 11, 2023.
             Mangled by an ogre
             ... wielding a +0 giant spiked club
              (32 damage)
             ... on level 5 of the Dungeon.
             The game lasted 00:01:12 (3232 turns).

qw the Shooter (Gargoyle Hunter)                    Turns: 3232, Time: 00:01:12

Health: -13/43     AC:  9    Str: 15    XL:     7   Next: 31%
Magic:  7/7        EV: 12    Int:  9    God:
Gold:   209        SH:  0    Dex: 15    Spells: 6/6 levels left

rFire   . . .        a - +2 shortbow (heavy)
rCold   . . .        (shield currently unavailable)
rNeg    + . .        c - +0 leather armour
rPois   inf          (no helmet)
rElec   +            (no cloak)
rCorr   .            b - +0 pair of gloves
SInv    .            (no boots)
Will    .....        (no amulet)
Stlth   ++           (no ring)
HPRegen 0.27/turn    (no ring)
MPRegen 0.10/turn

%: no passive effects
@: no status effects
A: sickness immunity, AC +4, negative energy resistance 1, electricity
resistance, torment resistance 1, petrification resistance
a: no special abilities


You were on level 5 of the Dungeon.
You visited 2 branches of the dungeon, and saw 6 of its levels.

You collected 299 gold pieces.
You spent 90 gold pieces at shops.


Innate Abilities, Weirdness & Mutations

You are immune to sickness and miasma.
Your stone body is resilient. (AC +4)
You are immune to poison.
You resist negative energy. (rN+)
You are resistant to electric shocks. (rElec)
You are resistant to unholy torment.
You are immune to petrification.


   Skills:
 - Level 4.1 Fighting
 + Level 7.4 Ranged Weapons
 - Level 1.5 Armour
 - Level 2.2 Dodging
 - Level 1.1 Stealth


You had 6 spell levels left.
You didn't know any spells.
Your spell library was empty.

Inventory:

Hand Weapons
 a - a +2 heavy shortbow (weapon)
Armour
 b - a +0 pair of gloves (worn)
 c - a +0 leather armour (worn)
 m - a +0 cloak
Jewellery
 l - a ring of willpower
 n - a +6 ring of dexterity
Wands
 g - a wand of charming (5)
Scrolls
 d - a scroll of teleportation
Potions
 e - a potion of curing
 f - 2 potions of attraction {unknown}
 h - a potion of might {unknown}
 i - a potion of resistance {unknown}
 j - a potion of cancellation {unknown}
 k - a potion of degeneration {unknown}

Dungeon Overview and Level Annotations

Branches:
Dungeon (5/15)             Temple (1/1) D:4

Altars:
Ashenzari
Dithmenos
Nemelex Xobeh
Trog
Uskayaw
Vehumet
Wu Jian
Xom
Yredelemnul
The Shining One

Shops:
D:2 ?!


Message History

Enter note: You now have 195 gold pieces (gained 12).
Things that are here:
a +0 hand axe; a +0 scale mail; an orc corpse
There is a stone staircase leading up here.
n - a +6 ring of dexterity
Enter note:
Enter note:
Enter note:
Enter note: You see here a +0 short sword of freezing.
You now have 209 gold pieces (gained 14).
You open the door.
An ogre and 8 goblins come into view.
The goblin shouts! x6; The ogre shouts!
Found 8 large rocks.
You shoot an arrow. The arrow hits the goblin!
You kill the goblin!
You shoot an arrow. The arrow closely misses the goblin.
The arrow completely misses the ogre.
The arrow closely misses the goblin.
The arrow hits the goblin!!
You kill the goblin!
The goblin hits you but does no damage. The goblin misses you.
You shoot an arrow. The arrow hits the goblin.
You kill the goblin!
The goblin closely misses you.
You shoot an arrow. The arrow barely misses the ogre.
The arrow hits the goblin.
The goblin is severely wounded.
The ogre barely misses you. The goblin closely misses you.
The goblin hits you with a +0 club.
You shoot an arrow. The arrow hits the ogre!
The ogre is moderately wounded.
The ogre hits you with a +0 giant spiked club!!
Ouch! That really hurt!
The goblin barely misses you.
You shoot an arrow. The arrow hits the ogre.
The ogre is heavily wounded.
The ogre hits you with a +0 giant spiked club!!
Ouch! That really hurt!
You die...

#.#### #.# #.#
#.# #.# #.# #.#
######.# #.#
#######.#
#......# #.#
........#
#.###########.#
######..# #..#
#.....##.#
........#
#####.#
#.###.##.#
######.##
#..g#g#
#.#......# #.#
#)ggO@#
#.#.#.#### #.#
#(.g### #.....#
#.# ### ###.###
#)# #.# #.# #.#
### #.#
#.######.#
#......<.#
#.########


You could see an ogre and 5 goblins.

Vanquished Creatures
  A phantom (D:4)
  A scorpion (D:5)
  3 crimson imps (D:4)
  3 hounds
  A jelly (D:4)
  2 iguanas
  2 orc wizards (D:5)
  An adder (D:4)
  3 worms
  5 dart slugs
  5 orcs
  12 endoplasms
  3 giant cockroaches
  7 goblins
  5 hobgoblins
  3 jackals (D:2)
  3 quokkas
  6 ball pythons
  5 bats
  A frilled lizard (D:1)
  6 kobolds
  A rat (D:1)
79 creatures vanquished.

Notes
Turn   | Place    | Note
-------+----------+-------------------------------------------
     0 | D:1      | qw the Gargoyle Hunter began the quest for the Orb.
     0 | D:1      | Reached XP level 1. HP: 12/12 MP: 1/1
     0 | D:1      | 0 ||| qw: Version: 0.3-a-106-g2cfff9e
     0 | D:1      | 0 ||| qw: Game counter: 2076
     0 | D:1      | 0 ||| qw: Melee chars always use a shield: true
     0 | D:1      | 0 ||| qw: God list: Okawaru
     0 | D:1      | 0 ||| qw: Allow faded altars: false
     0 | D:1      | 0 ||| qw: Do Orc after clearing Dungeon:15 true
     0 | D:1      | 0 ||| qw: Do second Lair branch before Depths: true
     0 | D:1      | 0 ||| qw: Lair rune preference: random
     0 | D:1      | 0 ||| qw: Goals: Normal, Save, Zot:1-4, Win
     0 | D:1      | 0 ||| PLANNING D:1-11
   264 | D:1      | Reached XP level 2. HP: 17/17 MP: 2/2
   706 | D:1      | 706 ||| READING scroll labelled ROIXZUMNEH.
   709 | D:1      | 709 ||| READING 2 scrolls labelled TEYRRA RYTADWU.
   709 | D:1      | 709 ||| ENCHANTING +0 shortbow.
   710 | D:1      | 710 ||| READING scroll of enchant weapon.
   710 | D:1      | 710 ||| ENCHANTING +1 shortbow.
   711 | D:1      | 711 ||| READING scroll labelled NALUABB BOOHO.
   712 | D:1      | 712 ||| DROPPING scroll of butterflies.
   965 | D:2      | Reached XP level 3. HP: 21/21 MP: 3/3
   985 | D:2      | Reached skill level 5 in Ranged Weapons
  1234 | D:2      | Found Utocegiptow's Distillery.
  1244 | D:2      | 1244 ||| BUYING potion of curing (30 gold).
  1244 | D:2      | Bought a potion of curing for 30 gold pieces
  1244 | D:2      | 1244 ||| BUYING potion of curing (30 gold).
  1244 | D:2      | Bought a potion of curing for 30 gold pieces
  1244 | D:2      | 1244 ||| BUYING potion of curing (30 gold).
  1244 | D:2      | Bought a potion of curing for 30 gold pieces
  1254 | D:2      | Reached skill level 3 in Fighting
  1427 | D:2      | Found Qich's Magic Scroll Emporium.
  1434 | D:2      | 1434 ||| SHOPLISTING scroll of acquirement (572 gold, have
                  | 7).
  1434 | D:2      | 1434 ||| SHOPLISTING scroll of identify (22 gold, have 7).
  1434 | D:2      | 1434 ||| SHOPLISTING scroll of teleportation (33 gold, have
                  | 7).
  1588 | D:2      | 1588 ||| UPGRADING to +0 pair of gloves.
  1841 | D:3      | Reached XP level 4. HP: 28/28 MP: 4/4
  2016 | D:3      | Found a sparkling altar of Nemelex Xobeh.
  2201 | D:3      | 2201 ||| READING scroll labelled ERUG GAUCK.
  2202 | D:3      | 2202 ||| READING scroll labelled QIPPITRIARCH.
  2266 | D:4      | Found a hide-covered altar of Uskayaw.
  2276 | D:4      | 2276 ||| READING scroll labelled GYIC UTRUARRO.
  2276 | D:4      | 2276 ||| BRANDING +2 shortbow.
  2386 | D:4      | Reached XP level 5. HP: 32/32 MP: 5/5
  2398 | D:4      | Reached skill level 6 in Ranged Weapons
  2428 | D:4      | Reached skill level 1 in Armour
  2461 | D:4      | Noticed a phantom
  2473 | D:4      | Killed a phantom
  2474 | D:4      | Reached XP level 6. HP: 38/38 MP: 6/6
  2635 | D:4      | Found a shimmering altar of Xom.
  2637 | D:4      | 2637 ||| Stepping ~*~*~tactically~*~*~ (retreating).
  2644 | D:4      | 2644 ||| Stepping ~*~*~tactically~*~*~ (retreating).
  2645 | D:4      | 2645 ||| Stepping ~*~*~tactically~*~*~ (retreating).
  2666 | D:4      | 2666 ||| DRINKING 4 potions of curing.
  2666 | D:4      | 2666 ||| (to cure confusion)
  2689 | D:4      | HP: 9/38 [crimson imp/+2 dagger of chaos (2)]
  2690 | D:4      | 2690 ||| DRINKING lumpy purple potion.
  2691 | D:4      | 2691 ||| DRINKING 3 potions of curing.
  2691 | D:4      | 2691 ||| (to cure confusion)
  2695 | D:4      | 2695 ||| DRINKING 2 potions of curing.
  2695 | D:4      | 2695 ||| (to cure confusion)
  2842 | D:4      | Found a staircase to the Ecumenical Temple.
  2843 | D:4      | 2843 ||| PLANNING TEMPLE
  2844 | D:4      | 2844 ||| READING scroll labelled VOTHRE ADUFUR.
  2850 | Temple   | Entered the Ecumenical Temple
  2851 | Temple   | 2851 ||| PLANNING D:1-11
  2863 | D:5      | Entered Level 5 of the Dungeon
  2903 | D:5      | Reached skill level 7 in Ranged Weapons
  2912 | D:5      | Reached XP level 7. HP: 43/43 MP: 7/7
  3046 | D:5      | Found an ornate altar of the Wu Jian Council.
  3066 | D:5      | 3066 ||| READING scroll of brand weapon.
  3066 | D:5      | 3066 ||| BRANDING +2 shortbow of draining.
  3232 | D:5      | Mangled by an ogre

Levels and vault maps discovered:
D:1:      erik_arrival_triangle_medium, layout_loops_ring,
          nicolae_figureground_pulse
D:2:      layout_basic, serial_shops, nicolae_shop_statue_plus, shop,
          minmay_joined_circles
D:3:      layout_loops_ring, nemelex_dance_club_becter
D:4:      layout_basic, amcnicky_altar_gilded, led_xom_imps,
          minmay_temple_entry_hall
D:5:      layout_loops_ring, nicolae_wu_jian_immortal_techniques,
          chequers_temple_overflow_minitemple, minmay_ogre_servants
Temple:   nicolae_temple_ecumenical_triangle

Skill      XL: |  1  2  3  4  5  6  7 |
---------------+----------------------+-----
Ranged Weapons | 5 6 7 |  7.4
Fighting       | 3 4 |  4.1
Armour         | 1 |  1.5
Dodging        | 2 |  2.2
Stealth        | |  1.1

Action                     |  1- 3 |  4- 6 |  7- 9 || total
---------------------------+-------+-------+-------++-------
   Fire: Shortbow          |   107 |   136 |    30 ||   273
    Use: Scroll            |     4 |     4 |     1 ||     9
         Potion            |       |     4 |       ||     4
 Armour: Leather armour    |    31 |    48 |    13 ||    92
         Skin              |       |     6 |       ||     6
  Dodge: Dodged            |    21 |    26 |    17 ||    64

Table legend:
 A = Non-vault XP
 B = Vault XP
 C = Vault XP percentage of total XP
 D = Non-vault monster count
 E = Vault monster count
 F = Vault count percentage of total count
                 A         B        C        D         E       F
            +---------+---------+-------+---------+---------+-------
      Total |     620 |     181 |  22.6 |      62 |      17 |  21.5
            +---------+---------+-------+---------+---------+-------
        D:1 |      27 |       0 |   0.0 |      16 |       0 |   0.0
        D:2 |      22 |      24 |  52.2 |      13 |       9 |  40.9
        D:3 |      20 |       5 |  20.0 |       9 |       2 |  18.2
        D:4 |     264 |     148 |  35.9 |      14 |       3 |  17.6
        D:5 |     287 |       4 |   1.4 |      10 |       3 |  23.1
            +---------+---------+-------+---------+---------+-------
